 Dungeon Crawl Stone Soup version 0.27.1-34-g3ba077fa99 (webtiles) character file.

Game seed: 4720152535491724788

112 cbfl8 the Skirmisher (level 4, -3/45 HPs)
             Began as a Minotaur Wanderer on Jan 20, 2022.
             Slain by a yak (4 damage)
             ... on level 4 of the Dungeon.
             The game lasted 00:04:02 (1825 turns).

cbfl8 the Skirmisher (Minotaur Wanderer)            Turns: 1825, Time: 00:04:02

Health: -3/45      AC:  9    Str: 16    XL:     4   Next: 63%
Magic:  5/5        EV:  6    Int: 10    God:
Gold:   120        SH:  0    Dex: 10    Spells: 6/6 levels left

rFire    . . .     SeeInvis .   p - +6 club
rCold    . . .     Faith    .   (no shield)
rNeg     . . .     Spirit   .   n - +0 chain mail
rPois    .         Reflect  .   (helmet restricted)
rElec    .         Harm     .   (no cloak)
rCorr    .         Rampage  .   l - +0 pair of gloves
Will     .....                  (no boots)
Stlth    ..........             (no amulet)
HPRegen  0.15/turn              (no ring)
MPRegen  0.09/turn              (no ring)

@: no status effects
A: horns 2, retaliatory headbutt
a: no special abilities


You were on level 4 of the Dungeon.
You visited 1 branch of the dungeon, and saw 3 of its levels.

You collected 120 gold pieces.

Inventory:

Hand Weapons
 a - a +2 dagger
 c - a +0 falchion
 p - a +6 club (weapon)
Missiles
 b - 3 curare-tipped darts (quivered)
Armour
 e - a +0 robe
 l - a +0 pair of gloves (worn)
 n - a +0 chain mail (worn)
Scrolls
 d - a scroll of teleportation
 h - a scroll of magic mapping {unknown}
 i - 2 scrolls of fear {unknown}
 j - 2 scrolls of vulnerability {unknown}
 k - a scroll of identify {unknown}
 m - a scroll of noise {unknown}
Potions
 f - a potion of mutation {unknown}
 g - a potion of curing {unknown}
 o - a potion of cancellation {unknown}


   Skills:
 + Level 6.5 Fighting
 + Level 1.7 Short Blades
 + Level 1.1 Throwing
 + Level 1.2 Dodging
 + Level 1.2 Shields
 + Level 1.1 Unarmed Combat
 + Level 1.5 Spellcasting
 + Level 1.0 Translocations


You had 6 spell levels left.
You didn't know any spells.
Your spell library contained the following spells:

 Spells                   Type           Power      Damage    Failure   Level
 Shock                    Conj/Air       0%         1d3       100%        1
 Poisonous Vapours        Pois/Air       0%         N/A       100%        2
 Cause Fear               Hex            0%         N/A       100%        4
 Silence                  Hex/Air        0%         N/A       100%        5


Dungeon Overview and Level Annotations

Branches:
Dungeon (2/15)

Altars:
Xom

Annotations:
D:4 Pikel


Innate Abilities, Weirdness & Mutations

You have a pair of horns on your head.
You reflexively headbutt those who attack you in melee.


Message History

Things that are here:
a +6 club; a +0 robe; the human corpse of Jessica
p - a +6 club
p - a +6 club (weapon)
You start resting.
HP restored.
You fall into a shaft and drop 2 floors!
The shaft crumbles and collapses.
A lemure comes into view.
Found a curved wooden wand.
The lemure shouts!
You hear a shout!
Pikel the Slaver comes into view.
He is wielding a +0 whip of flaming.
Found 18 gold pieces.
Pikel shouts!
You hear a shout!
Found 11 gold pieces. 2 lemures come into view.
Found an escape hatch in the floor.
The lemure shouts!
A yak comes into view.
The yak bellows!
You hear a bellow!
A lemure comes into view. 2 yaks come into view.
The yak bellows! x2 2 yaks come into view.
The yak bellows!
You see here 18 gold pieces.
The lemure hits you but does no damage. The yak gores you! The yak gores you.
You hit the yak. You headbutt the yak, but do no damage.
The yak is lightly wounded.
The yak gores you! The yak gores you but does no damage.
You barely miss the yak. The yak gores you!
* * * LOW HITPOINT WARNING * * *
The yak gores you but does no damage.
You hit the yak.
The yak is lightly wounded.
The yak gores you!
* * * LOW HITPOINT WARNING * * *
The yak gores you but does no damage. The yak gores you.
You die...

## ## . #..... .#
#.########.#..# .#
#....YY@##.#..##..#
#....5YY##.#......##
.....Y5K##....#.....
#......55./.........
#.......#...........
#.......#.##.#.##
#.......#5##.#
#########.##.# #
#.##.#.#


You could see Pikel, 5 yaks and 4 lemures.

Vanquished Creatures
  Jessica (D:2)
  4 adders (D:2)
  4 ball pythons
  8 bats
  3 endoplasms (D:1)
  4 giant cockroaches
  4 goblins
  7 hobgoblins
  3 kobolds (D:1)
  3 quokkas
  3 frilled lizards (D:1)
  A rat (D:2)
45 creatures vanquished.

Vanquished Creatures (others)
  5 plants (D:1)
5 creatures vanquished.

Grand Total: 50 creatures vanquished

Notes
Turn   | Place    | Note
-------+----------+-------------------------------------------
     0 | D:1      | cbfl8 the Minotaur Wanderer began the quest for the Orb.
     0 | D:1      | cbfl8 set off with the following items: a +2 dagger, 3
                  | curare-tipped darts, a +0 falchion, a scroll of
                  | teleportation, a +0 robe
     0 | D:1      | Reached XP level 1. HP: 22/22 MP: 1/1
    53 | D:1      | Reached skill level 5 in Fighting
   270 | D:1      | Reached XP level 2. HP: 29/29 MP: 3/3
   636 | D:1      | Reached XP level 3. HP: 31/37 MP: 4/4
   694 | D:1      | Found a faded altar of an unknown god.
   758 | D:1      | Reached skill level 6 in Fighting
  1084 | D:2      | Found a shimmering altar of Xom.
  1092 | D:2      | Reached skill level 1 in Short Blades
  1223 | D:2      | Got the Papyrus of Fetching Lightness
  1312 | D:2      | Reached XP level 4. HP: 45/45 MP: 5/5
  1378 | D:2      | Reached skill level 1 in Dodging
  1514 | D:2      | Noticed Jessica
  1529 | D:2      | Killed Jessica
  1798 | D:2      | You fall into a shaft and drop 2 floors!
  1799 | D:4      | Noticed a lemure
  1800 | D:4      | Noticed Pikel
  1815 | D:4      | Noticed a lemure
  1815 | D:4      | Noticed a lemure
  1816 | D:4      | Noticed a yak
  1816 | D:4      | Noticed a lemure
  1817 | D:4      | Noticed a yak
  1817 | D:4      | Noticed a yak
  1818 | D:4      | Noticed a yak
  1818 | D:4      | Noticed a yak
  1825 | D:4      | HP: 1/45 [yak (7)]
  1825 | D:4      | Slain by a yak

Illustrated notes

Levels and vault maps discovered:
D:1:      eino_arrival_water_cross, layout_basic, basic_ecumenical_altar
D:2:      layout_rooms, serial_curves, eino_curves_01, eino_curves_02,
          basic_altar, chequers_serial_rivers_small_b, grunt_decor_one_mirror,
          nrook_campfire, uniq_jessica, uniq_sigmund, uniq_crazy_yiuf_cottage
D:4:      layout_loops_cross, serial_bayou_pond_a, uniq_pikel

Skill      XL: |  1  2  3  4 |
---------------+-------------+-----
Fighting       | 5 6 |  6.5
Short Blades   | 1 |  1.7
Dodging        | 1 |  1.2
Throwing       | |  1.1
Shields        | |  1.2
Unarmed Combat | |  1.1
Spellcasting   | |  1.5
Translocations | |  1.0

Action                   |  1- 3 |  4- 6 || total
-------------------------+-------+-------++-------
Melee: Dagger            |    72 |    12 ||    84
       Headbutt          |    13 |     7 ||    20
       Club              |       |     3 ||     3
Armor: Robe              |    22 |     3 ||    25
       Chain mail        |       |     4 ||     4
Dodge: Dodged            |    64 |     5 ||    69
